 Dungeon Crawl Stone Soup version 0.30-a0-851-gbd0d260d8e (webtiles) character file.

Game seed: 3652883589295977662

37 MacCMillion the Slasher (level 3, -6/29 HPs)
             Began as a Demigod Gladiator on Mar 4, 2023.
             Mangled by Terence
             ... wielding a +0 mace
              (10 damage)
             ... on level 2 of the Dungeon.
             The game lasted 00:01:56 (1359 turns).

MacCMillion the Slasher (Demigod Gladiator)         Turns: 1359, Time: 00:01:56

Health: -6/29      AC:  5    Str: 15    XL:     3   Next: 7%
Magic:  5/5        EV: 12    Int: 10    God:
Gold:   88         SH:  0    Dex: 19    Spells: 2/2 levels left

rFire   . . .      SeeInvis .    a - +0 long sword
rCold   . . .      Faith    .    (no shield)
rNeg    . . .      Spirit   .    b - +0 leather armour
rPois   .          Reflect  .    c - +0 helmet
rElec   .          Rampage  .    (no cloak)
rCorr   .                        (no gloves)
Will    .....                    k - +0 pair of boots
Stlth   +                        (no amulet)
HPRegen 0.24/turn                (no ring)
MPRegen 0.09/turn                (no ring)

@: no status effects
A: high MP 1, forlorn, divine attributes
a: no special abilities


You were on level 2 of the Dungeon.
You visited 1 branch of the dungeon, and saw 2 of its levels.

You collected 88 gold pieces.

Inventory:

Hand Weapons
 a - a +0 long sword (weapon)
Missiles
 d - 3 throwing nets (quivered)
 e - a javelin
Armour
 b - a +0 leather armour (worn)
 c - a +0 helmet (worn)
 k - a +0 pair of boots (worn)
 q - a +0 helmet
Jewellery
 f - a +5 ring of evasion
 g - an amulet of the acrobat
 p - a ring of protection from fire
Scrolls
 h - a scroll of vulnerability {unknown}
 l - 2 scrolls of identify {unknown}
 m - a scroll of amnesia {unknown}
 r - a scroll of enchant weapon {unknown}
Potions
 i - 2 potions of brilliance {unknown}
 j - 6 potions of curing {unknown}
 n - a potion of lignification {unknown}
 o - a potion of degeneration {unknown}


   Skills:
 + Level 2.3 Fighting
 * Level 3.5 Long Blades
 - Level 2.0 Throwing
 - Level 2.6 Dodging


You had 2 spell levels left.
You didn't know any spells.
Your spell library was empty.

Dungeon Overview and Level Annotations

Branches:
Dungeon (2/15)

Annotations:
D:2 Terence


Innate Abilities, Weirdness & Mutations

You have an increased reservoir of magic. (+10% MP)
You shall have no god before yourself.
Your divine heritage dramatically boosts your attributes as you level up.


Message History

Terence is moderately wounded.
Terence hits you with a +0 mace.
You barely miss Terence.
Terence is moderately wounded.
Terence hits you but does no damage.
You barely miss Terence.
Terence is moderately wounded.
Terence barely misses you. Terence hits you with a +0 mace.
You barely miss Terence.
Terence is moderately wounded.
Terence closely misses you.
You barely miss Terence.
Terence is moderately wounded.
Terence hits you with a +0 mace!
You closely miss Terence. You punch Terence, but do no damage.
Terence is moderately wounded.
Terence hits you with a +0 mace!
* * * LOW HITPOINT WARNING * * *
You hit Terence.
Terence is moderately wounded.
Terence misses you. Terence barely misses you.
You are too injured to fight recklessly!
You are too injured to fight recklessly!
You are too injured to fight recklessly!
You are too injured to fight recklessly!
You are too injured to fight recklessly!
You barely miss Terence.
Terence is moderately wounded.
Terence hits you with a +0 mace.
* * * LOW HITPOINT WARNING * * *
You hit Terence.
Terence is heavily wounded.
Terence misses you.
You hit Terence.
Terence is severely wounded.
Terence barely misses you.
You hit Terence but do no damage.
Terence is severely wounded.
Terence hits you with a +0 mace!
You die...

#.....###########.#
#.###.# #.# #.....#
#.# #####'## #.####
##...## #....#
##.....## ###.....
##.^.....## ##.#.....
##.
#....<....####........
....
+....@....'......<...#
##.#
#....@....####.......#
##.......## ##.......
##.....## #.......
##...## #....... ##'##
##.....# #.# ##.####
.###.#####.# #.#
...........## #.#


You could see Terence.

Vanquished Creatures
  A worm (D:2)
  A dart slug (D:1)
  4 ball pythons
  An endoplasm (D:1)
  2 giant cockroaches (D:1)
  5 goblins
  A hobgoblin (D:2)
  3 jackals (D:1)
  2 kobolds (D:2)
  3 quokkas
  A bat (D:2)
  3 rats
27 creatures vanquished.

Notes
Turn   | Place    | Note
-------+----------+-------------------------------------------
     0 | D:1      | MacCMillion the Demigod Gladiator began the quest for the
                  | Orb.
     0 | D:1      | Reached XP level 1. HP: 17/17 MP: 3/3
   241 | D:1      | Reached skill level 3 in Long Blades
   257 | D:1      | Reached XP level 2. HP: 24/24 MP: 4/4
  1194 | D:2      | Reached XP level 3. HP: 23/29 MP: 5/5
  1336 | D:2      | Noticed Terence
  1359 | D:2      | Mangled by Terence

Illustrated notes

Levels and vault maps discovered:
D:1:      minmay_arrival_nine_rooms, layout_loops_cross
D:2:      layout_loops_corners, uniq_terence

Skill      XL: |  1 |
---------------+----+-----
Fighting       | 2 |  2.3
Long Blades    | 3 |  3.5
Throwing       | 2 |  2.0
Dodging        | |  2.6

Action                     || total
---------------------------++-------
  Melee: Long sword        ||    77
         Punch             ||     2
 Armour: Leather armour    ||    25
  Dodge: Dodged            ||    50

Table legend: (Time is in decaauts)
 A = Elapsed time spent in this place.
 B = Non-inter-level travel time spent in this place.
 C = Inter-level travel time spent in this place.
 D = Time resting spent in this place.
 E = Time spent auto-exploring this place.
 F = Levels seen in this place.
 G = Mean time per level.
                   A        B        C        D        E       F      G
               +--------+--------+--------+--------+--------+-----+--------+
         Total |   1376 |   1321 |     55 |     14 |   1067 |   2 |  688.0 |
       Dungeon |   1376 |   1321 |     55 |     14 |   1067 |   2 |  688.0 |
               +--------+--------+--------+--------+--------+-----+--------+

Top non-repeatable levels by time:
     D:1: 723 daAuts
     D:2: 652 daAuts
